 Dungeon Crawl Stone Soup version 0.14-a0-2443-g5aee772 (webtiles) character file.

710 Egon the Skirmisher (level 7, 47/61 HPs)
             Began as a Yellow Draconian Berserker on Feb 6, 2014.
             Was an Elder of Trog.
             Quit the game on Level 5 of the Dungeon.
             The game lasted 00:10:18 (3406 turns).

Egon the Skirmisher (Yellow Draconian Berserker)    Turns: 3406, Time: 00:10:18

HP  47/61        AC  7     Str 19      XL: 7   Next: 16%
MP   7/7         EV 19     Int  7      God: Trog [****..]
Gold 118         SH  0     Dex 13      Spells:  0 memorised,  6 levels left

rFire  + . .     SeeInvis .     a - +0 dwarf war axe
rCold  . . .     Clarity  .     (armour unavailable)
rNeg   . . .     Conserve .     (no shield)
rPois  .         rCorr    +     u - +0 hat
rElec  .         rRot     .     d - +0 dwarf cloak
SustAb . .       Spirit   .     (no gloves)
rMut   .         Warding  .     (no boots)
Saprov . . .     Stasis   .     (no amulet)
MR     .....                    q - +5 ring of evasion
                                g - ring of protection from fire

@: not resistant to hostile enchantments, unstealthy
A: spit acid, acid resistance, unfitting armour, AC +6
a: Spit Acid, Burn Spellbooks, Berserk, Trog's Hand, Brothers in Arms, Renounce
Religion


You were on level 5 of the Dungeon.
You worshipped Trog.
Trog was greatly pleased with you.
You were hungry.

You visited 1 branch of the dungeon, and saw 5 of its levels.

You collected 118 gold pieces.

Inventory:

Hand weapons
 a - a +0,+0 dwarven war axe (weapon)
 l - a +0,+0 hand axe
 t - a -2,+1 dwarven war axe
Armour
 d - a +0 dwarven cloak (worn)
 p - a +0 cloak
 u - a +0 hat (worn)
Magical devices
 o - a wand of frost (13)
 x - a wand of polymorph (19)
Comestibles
 c - 3 bread rations
 i - a pear
 s - 6 strawberries
Scrolls
 e - 4 scrolls of teleportation
 f - 4 scrolls of identify {unknown}
 h - 4 scrolls of remove curse
 k - 4 scrolls of enchant weapon I {unknown}
 n - a scroll of fog {unknown}
 r - a scroll of random uselessness {unknown}
 v - 2 scrolls of enchant weapon II {unknown}
Jewellery
 g - a ring of protection from fire (left hand)
 q - a +5 ring of evasion (right hand)
 y - an uncursed ring of flight
Potions
 b - 6 potions of curing
 j - a potion of confusion {unknown}
 m - a potion of heal wounds {unknown}
 z - a potion of restore abilities {unknown}


   Skills:
 + Level 5.6 Fighting
 + Level 5.5 Axes
 + Level 4.8 Dodging


You had 6 spell levels left.
You didn't know any spells.

Dungeon Overview and Level Annotations

Branches:
Dungeon (5/16)
 Temple: D:4-7

Altars:
Cheibriados
Yredelemnul
Zin

Shops:
D:4 %


Message History

The rat is heavily wounded.
The rat completely misses you.
You closely miss the rat. You tail-slap the rat.
You kill the rat!
Trog accepts your kill.
You slash the ogre! You tail-slap the ogre.
The ogre is heavily wounded.
The ogre hits you with a giant club!
You barely miss the ogre.
The ogre is heavily wounded.
The ogre closely misses you.
You hit the ogre.
The ogre is heavily wounded.
The ogre completely misses you.
You slash the ogre! You tail-slap the ogre.
You kill the ogre!
Trog accepts your kill.
You have reached level 7!
Your scales start taking on a golden yellow colour.
Are you sure you want to abandon this character and quit the game? (Confirm with "yes".)

################
..........).....
..................
........<@%.......
..........).......
.._.............
................
........>.......
..............
############


There were no monsters in sight!

Vanquished Creatures
  The ghost of Gorice the Cudgeler, an average GrGl (D:4)
  An ogre (D:5)
  A crimson imp (D:4)
  Crazy Yiuf (D:2)
  A hound (D:4)
  2 orc wizards (D:4)
  A scorpion (D:4)
  Jessica (D:2)
  5 adders
  3 gnolls (D:4)
  2 worms
  An adder skeleton (D:4)
  15 orcs
  A ball python (D:1)
  8 bats
  17 goblins
  7 hobgoblins
  13 jackals
  2 quokkas
  9 giant cockroaches
  5 giant geckos
  4 giant newts
  7 kobolds
  9 rats
117 creatures vanquished.

Notes
Turn   | Place    | Note
--------------------------------------------------------------
     0 | D:1      | Egon, the Draconian Berserker, began the quest for the Orb.
     0 | D:1      | Reached XP level 1. HP: 19/19 MP: 1/1
   102 | D:1      | Reached XP level 2. HP: 13/26 MP: 2/2
   137 | D:1      | Acquired Trog's second power
   513 | D:2      | Reached XP level 3. HP: 15/33 MP: 3/3
   772 | D:2      | Noticed Jessica
   779 | D:2      | Killed Jessica
   779 | D:2      | Reached skill level 4 in Fighting
   779 | D:2      | Reached XP level 4. HP: 30/40 MP: 4/4
  1092 | D:2      | Noticed Crazy Yiuf
  1100 | D:2      | Killed Crazy Yiuf
  1455 | D:3      | Reached XP level 5. HP: 44/46 MP: 5/5
  1568 | D:3      | Acquired Trog's third power
  1901 | D:3      | Found a basalt altar of Yredelemnul.
  2286 | D:4      | Found Plerr's Food Emporium.
  2581 | D:4      | Reached XP level 6. HP: 19/55 MP: 6/6
  2858 | D:4      | Reached skill level 5 in Axes
  2942 | D:4      | Reached skill level 5 in Fighting
  2967 | D:4      | Noticed Gorice's ghost (average GrGl)
  2980 | D:4      | Killed Gorice's ghost
  3225 | D:4      | Found a glowing silver altar of Zin.
  3398 | D:5      | Entered Level 5 of the Dungeon
  3398 | D:5      | Found a snail-covered altar of Cheibriados.
  3405 | D:5      | Your scales start taking on a golden yellow colour.
  3405 | D:5      | Reached XP level 7. HP: 47/61 MP: 7/7
  3406 | D:5      | Quit the game

Action                   |  1- 3 |  4- 6 |  7- 9 || total
-------------------------+-------+-------+-------++-------
Melee: Hand axe          |   104 |       |       ||   104
       War axe           |    31 |   215 |       ||   246
Invok: Berserk           |       |     3 |       ||     3
       Trog's Hand       |       |     1 |       ||     1
Evoke: Wand              |       |     1 |       ||     1
  Use: Potion            |       |     1 |       ||     1
       Scroll            |       |     2 |       ||     2
 Stab: Sleeping          |       |     1 |       ||     1
